 Dungeon Crawl Stone Soup version 0.30-a0-474-g5673dd7ce6 (webtiles) character file.

14 soupsoups the Shield-Bearer (level 2, 29/29 HPs)
             Began as a Gnoll Fighter on Oct 14, 2018.
             Quit the game on level 1 of the Dungeon on Dec 20, 2022.
             The game lasted 00:03:41 (172 turns).

soupsoups the Shield-Bearer (Gnoll Fighter)          Turns: 172, Time: 00:03:42

Health: 29/29      AC:  7    Str: 18    XL:     2   Next: 45%
Magic:  2/2        EV:  8    Int: 10    God:
Gold:   16         SH: 10    Dex: 14    Spells: 1/1 levels left

rFire   . . .      SeeInvis .    a - +0 war axe
rCold   . . .      Faith    .    c - +0 kite shield
rNeg    . . .      Spirit   .    b - +0 scale mail
rPois   .          Reflect  .    (no helmet)
rElec   .          Harm     .    (no cloak)
rCorr   .          Rampage  .    (no gloves)
Will    .....                    (no boots)
Stlth   ..........               (no amulet)
HPRegen 0.24/turn                (no ring)
MPRegen 0.08/turn                (no ring)

@: no status effects
A: fangs 1, strong nose, distributed training
a: no special abilities


You were on level 1 of the Dungeon.
You visited 1 branch of the dungeon, and saw 1 of its levels.

You collected 16 gold pieces.

Inventory:

Hand Weapons
 a - a +0 war axe (weapon)
Armour
 b - a +0 scale mail (worn)
 c - a +0 kite shield (worn)
Potions
 d - a potion of might
 e - a potion of attraction {unknown}
 g - a potion of flight {unknown}
 h - a potion of invisibility {unknown}
Comestibles
 f - a removed food


   Skills:
 + Level 6.5 Fighting
 + Level 0.4 Short Blades
 + Level 0.4 Long Blades
 + Level 4.5 Axes
 + Level 0.4 Maces & Flails
 + Level 0.4 Polearms
 + Level 0.4 Staves
 + Level 0.4 Ranged Weapons
 + Level 0.4 Throwing
 + Level 6.5 Armour
 + Level 0.4 Dodging
 + Level 0.4 Stealth
 + Level 6.5 Shields
 + Level 0.4 Unarmed Combat
 + Level 0.4 Spellcasting
 + Level 0.2 Conjurations
 + Level 0.2 Hexes
 + Level 0.2 Summonings
 + Level 0.2 Necromancy
 + Level 0.2 Translocations
 + Level 0.2 Transmutations
 + Level 0.2 Fire Magic
 + Level 0.2 Ice Magic
 + Level 0.2 Air Magic
 + Level 0.2 Earth Magic
 + Level 0.2 Poison Magic
 + Level 0.5 Invocations
 + Level 0.4 Evocations


You had one spell level left.
You didn't know any spells.
Your spell library was empty.

Dungeon Overview and Level Annotations

Branches:
Dungeon (1/15)

Altars:


Innate Abilities, Weirdness & Mutations

You have very sharp teeth.
Your uncanny sense of smell can sniff out nearby items.
Your experience applies equally to all skills.


Message History

You kill the giant cockroach!
The leopard gecko closely misses you.
Found a pink potion.
You closely miss the leopard gecko. You block the leopard gecko's attack.
The leopard gecko closely misses you.
You barely miss the leopard gecko. You block the leopard gecko's attack.
You slash the leopard gecko!
You kill the leopard gecko!
No target in view!
No target in view!
No target in view!
No target in view!
No target in view!
No target in view!
No target in view!
No target in view!
No target in view!
No target in view!
No target in view!
No target in view!
No target in view!
No target in view!
No target in view!
No target in view!
You now have 16 gold pieces (gained 3).
h - a pink potion No target in view!
Welcome back, soupsoups the Gnoll Fighter.
Press ? for a list of commands and other information.
Press: ? - help, v - describe, . - travel The floor.
Enter note: q
Enter note:
Okay, then.
Unknown command.
Annotate which branch? (. - D:1, ? - help, ! - show branch list)
Okay, then.
You don't know any spells.
Unknown command.
Are you sure you want to abandon this character and quit the game? (Confirm with "yes".)

#..........###.$.
#.........## ..
#.........###.#
#.............#
#............##
#............# #
#######......#
#.# #......#...#
#.....@....#
#..........#
#......#..%#
#......#...#
########...# ..#
..# .#


There were no monsters in sight!

Vanquished Creatures
  2 removed leopard geckos (D:1)
  A ball python (D:1)
  2 giant cockroaches (D:1)
  3 jackals (D:1)
  A kobold (D:1)
  A frilled lizard (D:1)
10 creatures vanquished.

Notes
Turn   | Place    | Note
-------+----------+-------------------------------------------
     0 | D:1      | soupsoups the Gnoll Fighter began the quest for the Orb.
     0 | D:1      | Reached XP level 1. HP: 23/23 MP: 1/1
    66 | D:1      | Reached XP level 2. HP: 23/29 MP: 2/2
   168 | D:1      | Upgraded the game from 0.23-a0-316-g6773f7a52e to
                  | 0.30-a0-474-g5673dd7ce6
   168 | D:1      | q
   172 | D:1      | Quit the game

Illustrated notes

#..........##
.$.
#.........## ..
#.........###.#
#.............#
#............##
#............#
#
#######......#
#.#
#......#...#
#.....@....#
#..........#
#......#..%#
#......#...#
######## ..#
..# .# .#


Turn 168 on D:1: q

Levels and vault maps discovered:
D:1:      saegor_arrival_simple_d, st_stairs_13

Action                   || total
-------------------------++-------
Melee: War axe           ||    18
       Punch             ||     2
Armor: Scale mail        ||    10
Dodge: Dodged            ||     5
Block: Kite shield       ||    12

Table legend: (Time is in decaauts)
 A = Elapsed time spent in this place.
 B = Non-inter-level travel time spent in this place.
 C = Inter-level travel time spent in this place.
 D = Time resting spent in this place.
 E = Time spent auto-exploring this place.
 F = Levels seen in this place.
 G = Mean time per level.
                   A        B        C        D        E       F      G
               +--------+--------+--------+--------+--------+-----+--------+
         Total |    177 |    177 |      0 |     65 |     34 |   1 |  177.0 |
       Dungeon |    177 |    177 |      0 |     65 |     34 |   1 |  177.0 |
               +--------+--------+--------+--------+--------+-----+--------+

Top non-repeatable levels by time:
     D:1: 4 daAuts
Note: time per level data comes from an upgraded game and may be incomplete.
